 Dungeon Crawl Stone Soup version 0.31-a0-977-gc230f8ef24 (webtiles) character file.

Game seed: 1581862170360095633

163 SigmundSlayer the Covered (level 5, -4/33 HPs)
             Began as a Gargoyle Fighter on Oct 29, 2023.
             Slain by an ogre
             ... wielding a +0 giant spiked club
              (17 damage)
             ... on level 4 of the Dungeon.
             The game lasted 00:03:06 (2209 turns).

SigmundSlayer the Covered (Gargoyle Fighter)        Turns: 2209, Time: 00:03:07

Health: -4/33      AC: 17    Str: 30    XL:     5   Next: 44%
Magic:  14/14      EV:  7    Int:  9    God:
Gold:   171        SH:  4    Dex: 11    Spells: 4/4 levels left

rFire   . . .        a - +0 war axe
rCold   . . .        c - +0 buckler
rNeg    + . .        l - +0 plate armour
rPois   ∞            j - +0 helmet
rElec   +            (no cloak)
rCorr   .            (no gloves)
SInv    .            (no boots)
Will    .....        r - amulet of the acrobat Stlth
                     s - ring "Ruott" {rElec MP+9 Str+3 Dex+2 Stlth+}
HPRegen 0.25/turn    m - +6 ring of strength
MPRegen 0.14/turn

%: acrobat
@: no status effects
A: sickness immunity, AC +4, negative energy resistance 1, electricity
resistance, torment resistance 1, petrification resistance
a: no special abilities


You were on level 4 of the Dungeon.
You visited 1 branch of the dungeon, and saw 5 of its levels.

You collected 171 gold pieces.

Inventory:

Hand Weapons
 a - a +0 war axe (weapon)
Armour
 c - a +0 buckler (worn)
 j - a +0 helmet (worn)
 l - a +0 plate armour (worn)
Jewellery
 m - a +6 ring of strength (right hand)
 r - an amulet of the acrobat (around neck)
 s - the ring "Ruott" (left hand) {rElec MP+9 Str+3 Dex+2 Stlth+}
   (You took it off a kobold on level 3 of the Dungeon)

   [ring of magical power]

   Str+3:     It affects your strength (+3).
   Dex+2:     It affects your dexterity (+2).
   rElec:     It insulates you from electricity.
   MP+9:      It affects your magic capacity (+9).
   Stlth+:    It makes you more stealthy.
Scrolls
 f - a scroll of fear
 h - a scroll of amnesia
 i - a scroll of vulnerability
 p - a scroll of revelation
 t - a scroll of enchant armour {unknown}
Potions
 b - 2 potions of heal wounds
 d - 3 potions of might
 e - 4 potions of mutation
 g - a potion of enlightenment
 k - a potion of magic {unknown}
 n - 5 potions of curing {unknown}
 o - a potion of invisibility {unknown}
 q - 2 potions of cancellation {unknown}


   Skills:
 + Level 4.2 Fighting
 + Level 2.8 Axes
 + Level 4.3 Armour
 + Level 4.3 Shields


You had 4 spell levels left.
You didn't know any spells.
Your spell library contained the following spells:

 Spells                   Type           Power      Damage    Failure   Level
 Slow                     Hex            0%         N/A       99%         1
 Lesser Beckoning         Tloc           0%         N/A       100%        2
 Confusing Touch          Hex            0%         N/A       100%        3
 Frozen Ramparts          Ice            0%         1d1       100%        3
 Gell's Gravitas          Tloc           0%         N/A       100%        3
 Sigil of Binding         Hex            0%         N/A       100%        3
 Vampiric Draining        Necr           0%         2d6       100%        3
 Dimensional Bullseye     Hex/Tloc       0%         N/A       100%        4
 Petrify                  Tmut/Erth      0%         N/A       100%        4
 Metabolic Englaciation   Hex/Ice        0%         N/A       100%        5
 Summon Mana Viper        Hex/Summ       0%         N/A       100%        5


Dungeon Overview and Level Annotations

Branches:
Dungeon (5/15)
 Temple: D:4-7

Altars:


Innate Abilities, Weirdness & Mutations

You are immune to sickness and miasma.
Your stone body is resilient. (AC +4)
You are immune to poison.
You resist negative energy. (rN+)
You are resistant to electric shocks. (rElec)
You are resistant to unholy torment.
You are immune to petrification.


Message History

Key pressed, stopping explore.
Found an escape hatch in the floor.
You now have 171 gold pieces (gained 13).
Done exploring.
Done exploring.
No target in view!
Done exploring.
There is a stone staircase leading down here.
You climb downwards.
The ogre shouts!
The gnoll shouts!
You hear a shout!
There is a stone staircase leading up here.
There are monsters nearby!
There are monsters nearby! 2 gnolls come into view.
Found a shortbow.
The gnoll shouts! x2
A gnoll comes into view. It is wielding a +0 whip.
There is a stone staircase leading up here.
The gnoll hits you with a +0 whip.
The ogre hits you with a +0 giant spiked club!
You climb upwards.
There is a stone staircase leading down here.
You slash the ogre!
The ogre is moderately wounded.
You barely miss the gnoll. The gnoll hits you but does no damage.
The gnoll hits you with a +0 whip.
You are too injured to fight recklessly!
You are too injured to fight recklessly!
You are too injured to fight recklessly!
You are too injured to fight recklessly!
You hit the ogre.
The ogre is heavily wounded.
You slash the gnoll! The ogre closely misses you. The gnoll barely misses you.
You hit the ogre.
The ogre is heavily wounded.
You hit the gnoll.
You kill the gnoll!
The ogre hits you with a +0 giant spiked club!
Ouch! That really hurt!
You die...

#.....# #.....# ## ####.....#
.###.##.....######## #######
...#.##............# #......
##....#...##.......#
####.#####
###........#.......#####....#
# #.###..........O.......####
###.# #..##.....@.....####
##..#
#..###.....).....##########
#..####..#
####....#.#........... #.##
#...# ###.................#
#.# #..##
#...###.###########.. #.#
##..#####.### #......########
#.# #..###....#
######......... #.#
#..###.#### ##########
#.###....))# #####


You could see an ogre.

Vanquished Creatures
  Terence (D:2)
  2 iguanas (D:4)
  A gnoll (D:4)
  2 adders
  4 worms
  2 dart slugs
  An orc (D:3)
  8 ball pythons
  2 bats
  4 endoplasms
  2 giant cockroaches
  6 goblins
  4 hobgoblins
  8 kobolds
  2 quokkas
  A frilled lizard (D:1)
  2 rats (D:3)
52 creatures vanquished.

Notes
Turn   | Place    | Note
-------+----------+-------------------------------------------
     0 | D:1      | SigmundSlayer the Gargoyle Fighter began the quest for the
                  | Orb.
     0 | D:1      | Reached XP level 1. HP: 14/14 MP: 1/1
    22 | D:1      | Got the Papyrus of the Geodesic and the Congregation
   140 | D:1      | Reached XP level 2. HP: 18/19 MP: 2/2
   734 | D:2      | Reached XP level 3. HP: 23/23 MP: 3/3
   884 | D:2      | Noticed Terence
   889 | D:2      | Killed Terence
   993 | D:3      | Reached XP level 4. HP: 29/29 MP: 4/4
  1195 | D:3      | Identified the ring "Ruott" {rElec MP+9 Str+3 Dex+2 Stlth+}
  1979 | D:4      | Reached XP level 5. HP: 33/33 MP: 5/5
  2199 | D:5      | Entered Level 5 of the Dungeon
  2199 | D:5      | Noticed an ogre
  2209 | D:4      | Slain by an ogre

Illustrated notes

Levels and vault maps discovered:
D:1:      minmay_arrival_up_and_down, layout_rooms
D:2:      layout_rooms, uniq_terence
D:3:      layout_loops_cross
D:4:      layout_rooms
D:5:      layout_cave_pools, dk_vineyard_2, uniq_sigmund

Skill      XL: |  1  2  3  4 |
---------------+-------------+-----
Axes           | 2 |  2.8
Shields        | 4 |  4.3
Armour         | 4 |  4.3
Fighting       | 4 |  4.2

Action                     |  1- 3 |  4- 6 || total
---------------------------+-------+-------++-------
  Melee: War axe           |    59 |    71 ||   130
    Use: Scroll            |       |     7 ||     7
 Armour: Scale mail        |    27 |       ||    27
         Plate armour      |    25 |    47 ||    72
  Dodge: Dodged            |    20 |    21 ||    41
  Block: Buckler           |     8 |    12 ||    20

Table legend: (Time is in decaauts)
 A = Elapsed time spent in this place.
 B = Non-inter-level travel time spent in this place.
 C = Inter-level travel time spent in this place.
 D = Time resting spent in this place.
 E = Time spent auto-exploring this place.
 F = Levels seen in this place.
 G = Mean time per level.
                   A        B        C        D        E       F      G
               +--------+--------+--------+--------+--------+-----+--------+
         Total |   2261 |   2113 |    148 |     26 |   1641 |   5 |  452.2 |
       Dungeon |   2261 |   2113 |    148 |     26 |   1641 |   5 |  452.2 |
               +--------+--------+--------+--------+--------+-----+--------+

Top non-repeatable levels by time:
     D:3: 673 daAuts
     D:1: 594 daAuts
     D:4: 579 daAuts
     D:2: 407 daAuts
     D:5: 6 daAuts
